| TOP OF THE 1ST |
|
Fort Wayne TinCaps batting - Pitching for Atlanta (MID) Braves : RHP Jeremy Hurley
|
|
Pitching: RHP Jeremy Hurley
|
|
|
Batting: SHB Detlef Oursler
|
0-0: Ball 1-0: Swinging Strike 1-1: Called Strike 1-2: Ball 2-2: Ball 3-2: Base on Balls
|
|
Batting: RHB Adrian Cook
|
0-0: Ball Detlef Oursler steals 2nd base 1-0: Called Strike Detlef Oursler steals 3rd base 1-1: Called Strike 1-2: Ball 2-2: Strikes out swinging
|
|
Batting: LHB Chad Cutler
|
0-0: Ball 1-0: Ball 2-0: Called Strike 2-1: Ball 3-1: Swinging Strike 3-2: Foul Ball, location: 2F 3-2: 2-RUN HOME RUN (Flyball, 78XD, EV 104.4 MPH), Distance : 391 ft
|
|
Batting: RHB Dave Cordero
|
0-0: Called Strike 0-1: Swinging Strike 0-2: Ball 1-2: Ball 2-2: Foul Ball, location: 2F 2-2: Ball 3-2: Strikes out looking
|
|
Batting: LHB Sean Trueblood
|
0-0: Ground out 4-3 (Groundball, 4M, EV 98.8 MPH)
|
| Top of the 1st over - 2 runs, 1 hit, 0 errors, 0 left on base; Fort Wayne 2 - Atlanta (MID) 0 |
| BOTTOM OF THE 1ST |
|
Atlanta (MID) Braves batting - Pitching for Fort Wayne TinCaps : RHP Josh Thorne
|
|
Pitching: RHP Josh Thorne
|
|
|
Batting: RHB Toki Takeuchi
|
0-0: Ball 1-0: Ball 2-0: Called Strike 2-1: Ball 3-1: Base on Balls
|
|
Batting: RHB Badr al Din Ridha
|
0-0: Grounds into double play, 6-4-3 (Groundball, 6, EV 108.8 MPH)
|
|
Batting: RHB Zheng-ze King
|
0-0: Called Strike 0-1: Foul Ball, location: 2F 0-2: Ball 1-2: SINGLE (Flyball, 8LS, EV 88.8 MPH)
|
|
Batting: SHB Richello Badua
|
0-0: Ball Zheng-ze King steals 2nd base (no throw) 1-0: Hit by Pitch
|
|
Batting: RHB Josh McCormick
|
0-0: SINGLE (Line Drive, 9LS, EV 101.2 MPH) Zheng-ze King to third Richello Badua to second
|
|
Batting: LHB Oke Monti
|
0-0: Swinging Strike 0-1: SINGLE (Groundball, 34D, EV 95.6 MPH) Zheng-ze King scores Richello Badua to third Josh McCormick to second Runner from 3rd tries for Home, SAFE, throw by RF to home
|
|
Batting: RHB Nick Holsinger
|
0-0: Ball 1-0: 3-RUN HOME RUN (Flyball, 9LD, EV 92.5 MPH), Distance : 338 ft
|
|
Batting: RHB Gerard Michel
|
0-0: Ball 1-0: Foul Ball, location: 2F 1-1: Foul Ball, location: 2F 1-2: Foul Ball, location: 2F 1-2: Ground out 6-3 (Groundball, 6, EV 106.9 MPH)
|
| Bottom of the 1st over - 5 runs, 4 hits, 0 errors, 0 left on base; Fort Wayne 2 - Atlanta (MID) 5 |
| TOP OF THE 2ND |
|
Fort Wayne TinCaps batting - Pitching for Atlanta (MID) Braves : RHP Jeremy Hurley
|
|
Batting: LHB Justin Alworth
|
0-0: Ball 1-0: Foul Ball, location: 2F 1-1: Ball 2-1: Swinging Strike 2-2: Ground out 6-3 (Groundball, 6, EV 91.9 MPH)
|
|
Batting: RHB Danny Gallegos
|
0-0: Ball 1-0: Fly out, F9 (Flyball, 9, EV 91.2 MPH)
|
|
Batting: RHB Brian Klinkner
|
0-0: Ball 1-0: Foul Ball, location: 2F 1-1: Ground out 2-3 (Groundball, 13S, EV 65.6 MPH)
|
| Top of the 2nd over - 0 runs, 0 hits, 0 errors, 0 left on base; Fort Wayne 2 - Atlanta (MID) 5 |
| BOTTOM OF THE 2ND |
|
Atlanta (MID) Braves batting - Pitching for Fort Wayne TinCaps : RHP Josh Thorne
|
|
Batting: LHB Joe Phillips
|
0-0: Called Strike 0-1: Swinging Strike 0-2: Foul Ball, location: 2F 0-2: Strikes out swinging
|
|
Batting: RHB Toki Takeuchi
|
0-0: Foul Ball, location: 2F 0-1: Fly out, F9 (Flyball, 9, EV 91.9 MPH)
|
|
Batting: RHB Badr al Din Ridha
|
0-0: Ball 1-0: Foul Ball, location: 2F 1-1: Ball 2-1: Foul Ball, location: 2F 2-2: Ball 3-2: Foul Ball, location: 2F 3-2: Base on Balls
|
|
Batting: RHB Zheng-ze King
|
0-0: Called Strike 0-1: Swinging Strike 0-2: Ball Badr al Din Ridha is caught stealing 2nd base 2-4
|
| Bottom of the 2nd over - 0 runs, 0 hits, 0 errors, 0 left on base; Fort Wayne 2 - Atlanta (MID) 5 |
| TOP OF THE 3RD |
|
Fort Wayne TinCaps batting - Pitching for Atlanta (MID) Braves : RHP Jeremy Hurley
|
|
Batting: RHB Ricky Trejo
|
0-0: Ball 1-0: Fly out, F8 (Flyball, 8RM, EV 85.6 MPH)
|
|
Batting: SHB Detlef Oursler
|
0-0: Called Strike 0-1: Ball 1-1: Foul Ball, location: 2F 1-2: Foul Ball, location: 2F 1-2: Foul Ball, location: 2F 1-2: Ground out 6-3 (Groundball, 6M, EV 83.8 MPH)
|
|
Batting: RHB Adrian Cook
|
0-0: Ball 1-0: Ball 2-0: Ground out 6-3 (Groundball, 56, EV 85.0 MPH)
|
| Top of the 3rd over - 0 runs, 0 hits, 0 errors, 0 left on base; Fort Wayne 2 - Atlanta (MID) 5 |
| BOTTOM OF THE 3RD |
|
Atlanta (MID) Braves batting - Pitching for Fort Wayne TinCaps : RHP Josh Thorne
|
|
Batting: RHB Zheng-ze King
|
0-0: Ball 1-0: Ball 2-0: Ball 3-0: Base on Balls
|
|
Batting: SHB Richello Badua
|
0-0: Ball 1-0: Swinging Strike 1-1: Ball 2-1: Ball 3-1: Fielders Choice at 2nd, 5-4 (Groundball, 6, EV 102.5 MPH)
|
|
Now at 2B: Cesar Arteaga
|
|
|
Batting: RHB Josh McCormick
|
0-0: Called Strike Richello Badua is caught stealing 2nd base 2-4 0-1: Ground out U3 (Groundball, 34, EV 82.5 MPH)
|
| Bottom of the 3rd over - 0 runs, 0 hits, 0 errors, 0 left on base; Fort Wayne 2 - Atlanta (MID) 5 |
| TOP OF THE 4TH |
|
Fort Wayne TinCaps batting - Pitching for Atlanta (MID) Braves : RHP Jeremy Hurley
|
|
Batting: LHB Chad Cutler
|
0-0: Ball 1-0: DOUBLE (Line Drive, 7LS, EV 104.4 MPH)
|
|
Batting: SHB Cesar Arteaga
|
0-0: Swinging Strike 0-1: Foul Ball, location: 2F 0-2: Ball 1-2: Strikes out swinging
|
|
Batting: LHB Sean Trueblood
|
0-0: Foul Ball, location: 2F 0-1: Ground out 4-3 (Groundball, 4, EV 82.5 MPH) Chad Cutler to third
|
|
Batting: LHB Justin Alworth
|
0-0: Called Strike 0-1: Foul Ball, location: 2F 0-2: Ball 1-2: Strikes out swinging
|
| Top of the 4th over - 0 runs, 1 hit, 0 errors, 1 left on base; Fort Wayne 2 - Atlanta (MID) 5 |
| BOTTOM OF THE 4TH |
|
Atlanta (MID) Braves batting - Pitching for Fort Wayne TinCaps : RHP Josh Thorne
|
|
Batting: LHB Oke Monti
|
0-0: Foul Ball, location: 2F 0-1: Ball 1-1: SINGLE (Line Drive, 78M, EV 106.9 MPH)
|
|
Batting: RHB Nick Holsinger
|
0-0: Ball 1-0: Foul Ball, location: 2F 1-1: Ball 2-1: Ball 3-1: Fly out, F9 (Flyball, 9, EV 90.6 MPH)
|
|
Pitching: RHP Kurt Loscalzo
|
|
|
Batting: RHB Gerard Michel
|
0-0: Swinging Strike 0-1: Called Strike 0-2: Foul Ball, location: 2F 0-2: Strikes out looking
|
|
Batting: LHB Joe Phillips
|
0-0: Swinging Strike 0-1: Called Strike 0-2: DOUBLE (Line Drive, 7LS, EV 106.2 MPH) Oke Monti to third
|
|
Batting: RHB Toki Takeuchi
|
0-0: Ball 1-0: Ground out 6-3 (Groundball, 6, EV 105.6 MPH)
|
| Bottom of the 4th over - 0 runs, 2 hits, 0 errors, 2 left on base; Fort Wayne 2 - Atlanta (MID) 5 |
| TOP OF THE 5TH |
|
Fort Wayne TinCaps batting - Pitching for Atlanta (MID) Braves : RHP Jeremy Hurley
|
|
Batting: RHB Danny Gallegos
|
0-0: Called Strike 0-1: SINGLE (Groundball, 34D, EV 102.5 MPH)
|
|
Batting: RHB Brian Klinkner
|
0-0: Called Strike 0-1: Ball 1-1: Ball 2-1: Foul Ball, location: 2F 2-2: Foul Ball, location: 2F 2-2: Strikes out swinging
|
|
Batting: RHB Ricky Trejo
|
Pickoff Throw to First - Out! 1-3 0-0: Called Strike 0-1: Ball 1-1: Ball 2-1: Ball 3-1: Fly out, F7 (Line Drive, 7, EV 100.0 MPH)
|
| Top of the 5th over - 0 runs, 1 hit, 0 errors, 0 left on base; Fort Wayne 2 - Atlanta (MID) 5 |
| BOTTOM OF THE 5TH |
|
Atlanta (MID) Braves batting - Pitching for Fort Wayne TinCaps : RHP Kurt Loscalzo
|
|
Batting: RHB Badr al Din Ridha
|
0-0: Called Strike 0-1: Ground out 6-3 (Groundball, 6, EV 80.0 MPH)
|
|
Batting: RHB Zheng-ze King
|
0-0: SINGLE (Groundball, 56S, EV 65.6 MPH) (infield hit)
|
|
Batting: SHB Richello Badua
|
0-0: Ball Zheng-ze King is caught stealing 2nd base 2-6 1-0: Foul Ball, location: 2F 1-1: Foul Ball, location: 2F 1-2: Ball 2-2: Ball 3-2: Strikes out looking
|
| Bottom of the 5th over - 0 runs, 1 hit, 0 errors, 0 left on base; Fort Wayne 2 - Atlanta (MID) 5 |
| TOP OF THE 6TH |
|
Fort Wayne TinCaps batting - Pitching for Atlanta (MID) Braves : RHP Jeremy Hurley
|
|
Pitching: RHP Jessie Mattei
|
|
|
Batting: SHB Detlef Oursler
|
0-0: Called Strike 0-1: Called Strike 0-2: Strikes out looking
|
|
Batting: RHB Adrian Cook
|
0-0: Foul Ball, location: 2F 0-1: Swinging Strike 0-2: Strikes out swinging
|
|
Batting: LHB Chad Cutler
|
0-0: Ball 1-0: Foul Ball, location: 2F 1-1: Ball 2-1: Ball 3-1: Foul Ball, location: 2F 3-2: Strikes out swinging
|
| Top of the 6th over - 0 runs, 0 hits, 0 errors, 0 left on base; Fort Wayne 2 - Atlanta (MID) 5 |
| BOTTOM OF THE 6TH |
|
Atlanta (MID) Braves batting - Pitching for Fort Wayne TinCaps : RHP Kurt Loscalzo
|
|
Batting: RHB Josh McCormick
|
0-0: Called Strike 0-1: Swinging Strike 0-2: Ball 1-2: Foul Ball, location: 2F 1-2: Ball 2-2: Ball 3-2: Base on Balls
|
|
Batting: LHB Oke Monti
|
0-0: Ball 1-0: Ball 2-0: Ball 3-0: Called Strike 3-1: Foul Ball, location: 2F 3-2: Strikes out looking
|
|
Batting: RHB Nick Holsinger
|
0-0: Ball 1-0: Ball 2-0: Fielders Choice at 2nd, 6-4 (Groundball, 6, EV 83.1 MPH)
|
|
Batting: RHB Gerard Michel
|
0-0: Fielders Choice at 2nd, 5-4 (Groundball, 56, EV 87.5 MPH)
|
| Bottom of the 6th over - 0 runs, 0 hits, 0 errors, 1 left on base; Fort Wayne 2 - Atlanta (MID) 5 |
| TOP OF THE 7TH |
|
Fort Wayne TinCaps batting - Pitching for Atlanta (MID) Braves : RHP Jessie Mattei
|
|
Pitching: LHP Justin Hawk
|
|
|
Batting: SHB Cesar Arteaga
|
0-0: Called Strike 0-1: Foul Ball, location: 2F 0-2: Ball 1-2: Ball 2-2: Strikes out swinging
|
|
Batting: LHB Sean Trueblood
|
0-0: Ball 1-0: Ball 2-0: Called Strike 2-1: Foul Ball, location: 2F 2-2: Ball 3-2: Ground out U3 (Groundball, 3, EV 90.6 MPH)
|
|
Batting: LHB Justin Alworth
|
0-0: Foul Ball, location: 2F 0-1: Fly out, F8 (Flyball, 89S, EV 81.2 MPH)
|
| Top of the 7th over - 0 runs, 0 hits, 0 errors, 0 left on base; Fort Wayne 2 - Atlanta (MID) 5 |
| BOTTOM OF THE 7TH |
|
Atlanta (MID) Braves batting - Pitching for Fort Wayne TinCaps : RHP Kurt Loscalzo
|
|
Pitching: RHP Jaylen Johnson
|
|
|
Batting: LHB Joe Phillips
|
0-0: Ball 1-0: Ball 2-0: Ball 3-0: Called Strike 3-1: Foul Ball, location: 2F 3-2: Ground out 5-3 (Groundball, 56S, EV 64.4 MPH)
|
|
Batting: RHB Toki Takeuchi
|
0-0: Called Strike 0-1: Ball 1-1: Ball 2-1: Called Strike 2-2: Ball 3-2: Strikes out swinging
|
|
Batting: RHB Badr al Din Ridha
|
0-0: Ball 1-0: Fly out, F9 (Line Drive, 9LM, EV 86.9 MPH)
|
| Bottom of the 7th over - 0 runs, 0 hits, 0 errors, 0 left on base; Fort Wayne 2 - Atlanta (MID) 5 |
| TOP OF THE 8TH |
|
Fort Wayne TinCaps batting - Pitching for Atlanta (MID) Braves : LHP Justin Hawk
|
|
Pitching: LHP Darius Brown
|
|
|
Batting: RHB Danny Gallegos
|
0-0: Called Strike 0-1: Ball 1-1: Called Strike 1-2: Foul Ball, location: 2F 1-2: Ball 2-2: Foul Ball, location: 2F 2-2: Foul Ball, location: 2F 2-2: Ball 3-2: Fly out, F8 (Flyball, 8LM, EV 80.0 MPH)
|
|
Batting: RHB Brian Klinkner
|
0-0: Ball 1-0: Ball 2-0: Foul Ball, location: 2F 2-1: Ball 3-1: Foul Ball, location: 2F 3-2: Base on Balls
|
|
Batting: RHB Ricky Trejo
|
0-0: Called Strike 0-1: Called Strike 0-2: Strikes out swinging
|
|
Batting: SHB Detlef Oursler
|
0-0: Called Strike 0-1: Swinging Strike 0-2: Foul Ball, location: 2F 0-2: Strikes out swinging
|
| Top of the 8th over - 0 runs, 0 hits, 0 errors, 1 left on base; Fort Wayne 2 - Atlanta (MID) 5 |
| BOTTOM OF THE 8TH |
|
Atlanta (MID) Braves batting - Pitching for Fort Wayne TinCaps : RHP Jaylen Johnson
|
|
Batting: RHB Zheng-ze King
|
0-0: Ball 1-0: Swinging Strike 1-1: Ball 2-1: Called Strike 2-2: DOUBLE (Line Drive, 3D, EV 98.1 MPH)
|
|
Batting: SHB Richello Badua
|
0-0: Ball 1-0: Fly out, F8 (Flyball, 78M, EV 96.2 MPH)
|
|
Batting: RHB Josh McCormick
|
0-0: Ball 1-0: Called Strike 1-1: Called Strike 1-2: Ball 2-2: Foul Ball, location: 2F 2-2: SINGLE (Groundball, 56D, EV 108.8 MPH) Zheng-ze King to third Runner from 3rd tries for Home, SAFE, throw by LF to home
|
|
Batting: LHB Oke Monti
|
0-0: Ball 1-0: SINGLE (Line Drive, 8RS, EV 111.9 MPH) Josh McCormick to second
|
|
Batting: RHB Nick Holsinger
|
0-0: Called Strike 0-1: Ball 1-1: Ball 2-1: Foul Ball, location: 2F 2-2: Foul Ball, location: 2F 2-2: Foul Ball, location: 2F 2-2: Ball 3-2: Foul Ball, location: 2F 3-2: Foul Ball, location: 2F 3-2: Foul Ball, location: 2F 3-2: Strikes out swinging
|
|
Batting: RHB Gerard Michel
|
0-0: SINGLE (Line Drive, 7LS, EV 103.1 MPH) Josh McCormick to third Oke Monti to second Runner from 3rd tries for Home, throw by LF and OUT! 7-2
|
| Bottom of the 8th over - 1 run, 4 hits, 0 errors, 2 left on base; Fort Wayne 2 - Atlanta (MID) 6 |
| TOP OF THE 9TH |
|
Fort Wayne TinCaps batting - Pitching for Atlanta (MID) Braves : LHP Darius Brown
|
|
Batting: RHB Adrian Cook
|
0-0: SINGLE (Groundball, 56S, EV 66.2 MPH) (infield hit)
|
|
Batting: LHB Chad Cutler
|
0-0: Called Strike 0-1: Ball 1-1: Fly out, F9 (Flyball, 9, EV 87.5 MPH)
|
|
Batting: SHB Cesar Arteaga
|
0-0: Called Strike 0-1: Ball 1-1: Ball 2-1: SINGLE (Line Drive, 34, EV 98.8 MPH) Adrian Cook to second
|
|
Batting: LHB Sean Trueblood
|
0-0: Ball 1-0: Called Strike 1-1: Called Strike 1-2: Grounds into double play, 4-6-3 (Groundball, 4, EV 102.5 MPH)
|
| Top of the 9th over - 0 runs, 2 hits, 0 errors, 1 left on base; Fort Wayne 2 - Atlanta (MID) 6 |
|